 Dungeon Crawl Stone Soup version 0.28.0-53-g5a82cb258f (webtiles) character file.

Game seed: 9170229512631657010

94 NinjaNoafa the Caller (level 4, -1/30 HPs)
             Began as a Merfolk Summoner on Aug 22, 2022.
             Slain by a ball python (2 damage)
             ... on level 3 of the Dungeon.
             The game lasted 00:10:00 (2652 turns).

NinjaNoafa the Caller (Merfolk Summoner)            Turns: 2652, Time: 00:10:01

Health: -1/30      AC:  2    Str:  8    XL:     4   Next: 63%
Magic:  2/7        EV: 10    Int: 16    God:
Gold:   91         SH:  0    Dex: 14    Spells: 4/7 levels left

rFire   . . .      SeeInvis .   b - +0 trident
rCold   . . .      Faith    .   (no shield)
rNeg    . . .      Spirit   .   a - +0 robe
rPois   .          Reflect  .   (no helmet)
rElec   .          Harm     .   (no cloak)
rCorr   .          Rampage  .   (no gloves)
Will    .....                   (no boots)
Stlth   ++........              (no amulet)
HPRegen 0.10/turn               (no ring)
MPRegen 0.10/turn               (no ring)

@: constricted
A: (nimble swimmer 2), mertail
a: no special abilities


You were on level 3 of the Dungeon.
You visited 1 branch of the dungeon, and saw 3 of its levels.

You collected 91 gold pieces.

Inventory:

Hand Weapons
 b - a +0 trident (weapon)
Missiles
 f - 89 stones
 h - 6 poisoned darts
Armour
 a - a +0 robe (worn)
Magical Staves
 l - a staff of fire
Scrolls
 d - 2 scrolls of identify {unknown}
 e - a scroll of fear {unknown}
 g - a scroll of fog {unknown}
 i - 2 scrolls of enchant armour {unknown}
 k - a scroll of magic mapping {unknown}
Potions
 c - a potion of curing
 j - a potion of brilliance {unknown}
 m - a potion of attraction {unknown}


   Skills:
 - Level 3.0 Dodging
 - Level 2.1 Stealth
 - Level 2.0 Spellcasting
 + Level 5.8 Summonings


You had 4 spell levels left.
You knew the following spells:

 Your Spells              Type           Power      Damage    Failure   Level
a - Summon Small Mammal   Summ           80%        N/A       1%          1
b - Call Imp              Summ           20%        N/A       2%          2

Your spell library contained the following spells:

 Spells                   Type           Power      Damage    Failure   Level
 Call Canine Familiar     Summ           20%        N/A       5%          3
 Summon Guardian Golem    Hex/Summ       10%        N/A       19%         3
 Summon Lightning Spire   Summ/Air       10%        N/A       52%         4


Dungeon Overview and Level Annotations

Branches:
Dungeon (3/15)

Altars:


Innate Abilities, Weirdness & Mutations

((You are very nimble when in or above water. (Stealth+, EV+, Speed+++)))
Your lower body shifts to a powerful aquatic tail in water.


Message History

You hit the orc but do no damage. Your punch misses the orc.
The orc hits you with a +0 mace. The orc misses you.
Casting: Summon Small Mammal (safe; 1% risk of failure)
Confirm with . or Enter, or press ? or * to list all spells.
You swap places.
A rat comes into view.
The orc hits your quokka with a +0 mace.
Your quokka bites the orc.
The orc closely misses your quokka.
Your quokka closely misses the orc.
A ball python comes into view.
The ball python hisses angrily.
The orc hits your quokka with a +0 mace.
Your quokka dies!
Your quokka's corpse disappears in a puff of smoke!
You barely miss the rat. The rat misses you.
You barely miss the rat. The rat bites you but does no damage.
You barely miss the rat. The orc hits you with a +0 mace. The rat bites you.
The orc hits you with a +0 mace.
You hit the rat.
The rat is severely wounded.
The rat bites you but does no damage. The orc misses you. The rat bites you.
* * * LOW HITPOINT WARNING * * *
You hit the rat.
You kill the rat!
The orc misses you. The ball python closely misses you.
The ball python barely misses you.
You hit the ball python.
The ball python is moderately wounded.
The orc hits you with a +0 mace.
* * * LOW HITPOINT WARNING * * *
The ball python closely misses you. The ball python grabs you.
The ball python constricts you.
You closely miss the ball python.
The ball python is moderately wounded.
The ball python closely misses you. The ball python constricts you.
The orc hits you with a +0 mace.
* * * LOW HITPOINT WARNING * * *
The ball python bites you.
You die...

. ### . ..#
#. #.#
.##.# #.. .
.#.# ..# .#
..#
#...#...#
#S#
..#...#..
#@#
#...#...#
#o#
..#...#.. #
#w#
#...#...#..
#.#
..#...#..#
#.#
#ow.#..#
#.# ..#o..#
#.# ##oo###
#.# #bo#
#.#


You could see a worm, an orc and a ball python.

Vanquished Creatures
  An orc priest (D:3)
  A dart slug (D:2)
  An orc (D:3)
  An endoplasm (D:1)
  3 giant cockroaches
  4 goblins (D:2)
  2 hobgoblins
  4 kobolds
  2 quokkas
  2 ball pythons
  3 bats
  2 frilled lizards
  3 rats
29 creatures vanquished.

Vanquished Creatures (collateral kills)
  An adder (D:2)
  2 worms
  An orc (D:3)
  2 bats (D:2)
  2 endoplasms (D:2)
  A goblin (D:3)
  A hobgoblin (D:1)
  A quokka (D:2)
  2 ball pythons (D:3)
  A frilled lizard (D:2)
  A kobold (D:2)
  4 rats
19 creatures vanquished.

Grand Total: 48 creatures vanquished

Notes
Turn   | Place    | Note
-------+----------+-------------------------------------------
     0 | D:1      | NinjaNoafa the Merfolk Summoner began the quest for the
                  | Orb.
     0 | D:1      | Reached XP level 1. HP: 13/13 MP: 3/3
   470 | D:1      | Reached XP level 2. HP: 19/19 MP: 5/5
  1017 | D:2      | Learned a level 2 spell: Call Imp
  1332 | D:2      | Reached XP level 3. HP: 11/24 MP: 3/6
  1435 | D:2      | Reached skill level 5 in Summonings
  2316 | D:3      | Reached XP level 4. HP: 15/30 MP: 4/7
  2652 | D:3      | HP: 1/30 [orc/+0 mace (3)]
  2652 | D:3      | Slain by a ball python

Illustrated notes

Levels and vault maps discovered:
D:1:      minmay_arrival_wavy_path, layout_basic, hex_tiny
D:2:      layout_basic
D:3:      layout_loops_ring, hex_large, uniq_sigmund, uniq_natasha

Skill      XL: |  1  2  3 |
---------------+----------+-----
Dodging        | 3 |  3.0
Summonings     | 5 |  5.8
Stealth        | |  2.1
Spellcasting   | |  2.0

Action                   |  1- 3 |  4- 6 || total
-------------------------+-------+-------++-------
Melee: Trident           |    85 |    14 ||    99
       Staff             |     8 |       ||     8
 Cast: Summon Small Mamm |    29 |    10 ||    39
       Call Imp          |    11 |     4 ||    15
  Use: Potion            |     2 |       ||     2
 Stab: Sleeping          |     3 |       ||     3
Armor: Robe              |    20 |     2 ||    22
Dodge: Dodged            |    84 |    10 ||    94
